A
VANCOUVER MOUNTIES @ LOS CAYOS JELLYFISH
05/04/2060
 
TOP OF THE 1ST
Vancouver Mounties batting - Pitching for Los Cayos Jellyfish : RHP Al Gauger
Pitching: RHP Al Gauger
Batting: RHB Darion Johnson 0-0: Called Strike
0-1: Called Strike
0-2: Ball
1-2: Strikes out swinging
Batting: LHB Otis Tenorio 0-0: Ball
1-0: Foul Ball, location: 2F
1-1: DOUBLE (Line Drive, 5D, EV 107.5 MPH)
Batting: RHB Nathan Vendel 0-0: Ball
1-0: SINGLE (Line Drive, 5D, EV 106.9 MPH)
Otis Tenorio to third
Batting: RHB Kyle Motyka 0-0: Called Strike
0-1: Called Strike
0-2: Foul Ball, location: 2F
0-2: Strikes out looking
Batting: LHB Jacob Mason 0-0: Ball
1-0: Fly out, F9 (Flyball, 89M, EV 83.1 MPH)
Top of the 1st over - 0 runs, 2 hits, 0 errors, 2 left on base; Vancouver 0 - Los Cayos 0
BOTTOM OF THE 1ST
Los Cayos Jellyfish batting - Pitching for Vancouver Mounties : LHP Brien Corcoran
Pitching: LHP Brien Corcoran
Batting: RHB Eli Fowler 0-0: Ball
1-0: Ball
2-0: Ball
3-0: Base on Balls
Batting: LHB Ardell Cantu 0-0: Ball
1-0: Foul Ball, location: 2F
1-1: Foul Ball, location: 2F
1-2: Strikes out swinging
Batting: RHB Collin Franklin 0-0: Ball
Eli Fowler steals 2nd base
1-0: Ball
2-0: Called Strike
2-1: Ball
3-1: Base on Balls
Batting: RHB Clayton Stamps 0-0: SINGLE (Flyball, 6D, EV 95.6 MPH)
Eli Fowler to third
Collin Franklin to second
Batting: RHB Calvin Schmidt 0-0: Foul Ball, location: 2F
0-1: Ball
1-1: Called Strike
1-2: SINGLE (Line Drive, 7S, EV 108.8 MPH)
Eli Fowler scores
Collin Franklin to third
Clayton Stamps to second
Batting: RHB Ed Gangemi 0-0: Ball
1-0: Called Strike
1-1: Fly out, F8 (Flyball, 8RD, EV 98.8 MPH)
Runner from 3rd tags up, SCORES, throw by CF
Clayton Stamps to third
Batting: RHB Andy Rowan 0-0: Ball
1-0: Ball
2-0: Ball
3-0: Called Strike
3-1: Base on Balls
Calvin Schmidt to second
Batting: LHB Troy Peek 0-0: Called Strike
0-1: Swinging Strike
0-2: Strikes out looking
Bottom of the 1st over - 2 runs, 2 hits, 0 errors, 3 left on base; Vancouver 0 - Los Cayos 2
TOP OF THE 2ND
Vancouver Mounties batting - Pitching for Los Cayos Jellyfish : RHP Al Gauger
Batting: SHB Brock Hutchins 0-0: Ball
1-0: Ball
2-0: Fly out, F4 (Popup, 4D, EV 70.6 MPH)
Batting: LHB Joey Carlson 0-0: Ball
1-0: Called Strike
1-1: Called Strike
1-2: Foul Ball, location: 2F
1-2: Foul Ball, location: 2F
1-2: Ball
2-2: Foul Ball, location: 2F
2-2: Ball
3-2: TRIPLE (Flyball, 9LD, EV 96.2 MPH)
Batting: SHB Roy Lofgren 0-0: Called Strike
0-1: Ball
1-1: Called Strike
1-2: Foul Ball, location: 2F
1-2: Ball
2-2: Foul Ball, location: 2F
2-2: Strikes out swinging
Batting: RHB Brayan Wilford 0-0: Swinging Strike
0-1: Foul Ball, location: 2F
0-2: Ball
1-2: Foul Ball, location: 2F
1-2: Ball
2-2: Ball
3-2: Base on Balls
Batting: RHB Darion Johnson 0-0: Called Strike
0-1: Ball
1-1: Swinging Strike
1-2: Strikes out swinging
Top of the 2nd over - 0 runs, 1 hit, 0 errors, 2 left on base; Vancouver 0 - Los Cayos 2
BOTTOM OF THE 2ND
Los Cayos Jellyfish batting - Pitching for Vancouver Mounties : LHP Brien Corcoran
Batting: LHB Solomon Panter 0-0: Swinging Strike
0-1: Called Strike
0-2: Foul Ball, location: 2F
0-2: Strikes out swinging
Batting: RHB Eli Fowler 0-0: Called Strike
0-1: Ball
1-1: Called Strike
1-2: Foul Ball, location: 2F
1-2: Ball
2-2: Strikes out swinging
Batting: LHB Ardell Cantu 0-0: Ball
1-0: Ball
2-0: Called Strike
2-1: Ball
3-1: Foul Ball, location: 2F
3-2: Fly out, F8 (Flyball, 89M, EV 96.9 MPH)
Bottom of the 2nd over - 0 runs, 0 hits, 0 errors, 0 left on base; Vancouver 0 - Los Cayos 2
TOP OF THE 3RD
Vancouver Mounties batting - Pitching for Los Cayos Jellyfish : RHP Al Gauger
Batting: LHB Otis Tenorio 0-0: Ball
1-0: Foul Ball, location: 2F
1-1: Ball
2-1: Ball
3-1: Ground out 4-3 (Groundball, 4S, EV 62.5 MPH)
Batting: RHB Nathan Vendel 0-0: Called Strike
0-1: Foul Ball, location: 2F
0-2: Ball
1-2: Fly out, F7 (Flyball, 7, EV 80.6 MPH)
Batting: RHB Kyle Motyka 0-0: Foul Ball, location: 2F
0-1: Called Strike
0-2: Fly out, F4 (Line Drive, 4MD, EV 73.1 MPH)
Top of the 3rd over - 0 runs, 0 hits, 0 errors, 0 left on base; Vancouver 0 - Los Cayos 2
BOTTOM OF THE 3RD
Los Cayos Jellyfish batting - Pitching for Vancouver Mounties : LHP Brien Corcoran
Batting: RHB Collin Franklin 0-0: Called Strike
0-1: SINGLE (Line Drive, 9S, EV 110.0 MPH)
Batting: RHB Clayton Stamps 0-0: Called Strike
0-1: Ball
1-1: Swinging Strike
1-2: Fly out, F7 (Flyball, 7S, EV 93.8 MPH)
Batting: RHB Calvin Schmidt 0-0: Ball
1-0: Foul Ball, location: 2F
1-1: Fly out, F8 (Line Drive, 78D, EV 95.0 MPH)
Batting: RHB Ed Gangemi 0-0: Ball
1-0: Ball
2-0: Called Strike
2-1: Foul Ball, location: 2F
2-2: Strikes out swinging
Bottom of the 3rd over - 0 runs, 1 hit, 0 errors, 1 left on base; Vancouver 0 - Los Cayos 2
TOP OF THE 4TH
Vancouver Mounties batting - Pitching for Los Cayos Jellyfish : RHP Al Gauger
Batting: LHB Jacob Mason 0-0: Foul Ball, location: 2F
0-1: SINGLE (Groundball, 34S, EV 72.5 MPH) (infield hit)
Batting: SHB Brock Hutchins 0-0: Called Strike
0-1: Foul Ball, location: 2F
0-2: Ball
1-2: 2-RUN HOME RUN (Flyball, 89XD, EV 105.0 MPH), Distance : 405 ft
Batting: LHB Joey Carlson 0-0: Ball
1-0: Ball
2-0: Ball
3-0: Base on Balls
Batting: SHB Roy Lofgren 0-0: Ball
1-0: Foul Ball, location: 2F
1-1: Called Strike
Joey Carlson steals 2nd base
1-2: Foul Ball, location: 2F
1-2: Ball
2-2: Ground out 6-3 (Groundball, 4MS, EV 88.8 MPH)
Joey Carlson to third
Batting: RHB Brayan Wilford 0-0: Called Strike
0-1: Swinging Strike
0-2: Foul Ball, location: 2F
0-2: Ball
1-2: Ball
2-2: Fly out, F8 (Flyball, 8RD, EV 83.1 MPH)
Runner from 3rd tags up, SCORES, throw by CF
Batting: RHB Darion Johnson 0-0: Ball
1-0: SINGLE (Groundball, 6MS, EV 68.8 MPH) (infield hit)
Batting: LHB Otis Tenorio 0-0: Ball
1-0: Called Strike
Darion Johnson is caught stealing 2nd base 2-6
Top of the 4th over - 3 runs, 3 hits, 0 errors, 0 left on base; Vancouver 3 - Los Cayos 2
BOTTOM OF THE 4TH
Los Cayos Jellyfish batting - Pitching for Vancouver Mounties : LHP Brien Corcoran
Batting: RHB Andy Rowan 0-0: Called Strike
0-1: Ground out U3 (Groundball, 34S, EV 85.0 MPH)
Batting: LHB Troy Peek 0-0: Ball
1-0: Called Strike
1-1: Foul Ball, location: 2F
1-2: Fly out, F7 (Flyball, 7S, EV 86.2 MPH)
Batting: LHB Solomon Panter 0-0: Called Strike
0-1: Hit by Pitch
Batting: RHB Eli Fowler 0-0: Ball
1-0: Foul Ball, location: 2F
1-1: Fly out, F8 (Flyball, 8LD, EV 105.0 MPH)
Bottom of the 4th over - 0 runs, 0 hits, 0 errors, 1 left on base; Vancouver 3 - Los Cayos 2
TOP OF THE 5TH
Vancouver Mounties batting - Pitching for Los Cayos Jellyfish : RHP Al Gauger
Batting: LHB Otis Tenorio 0-0: Ball
1-0: Swinging Strike
1-1: Foul Ball, location: 2F
1-2: Foul Ball, location: 2F
1-2: Strikes out swinging
Batting: RHB Nathan Vendel 0-0: Ball
1-0: Ball
2-0: Swinging Strike
2-1: SINGLE (Line Drive, 78S, EV 112.5 MPH)
Batting: RHB Kyle Motyka 0-0: Called Strike
0-1: Ball
1-1: Ball
2-1: Fly out, F9 (Flyball, 89D, EV 98.8 MPH)
Batting: LHB Jacob Mason 0-0: Foul Ball, location: 2F
0-1: Ground out 4-3 (Groundball, 34D, EV 82.5 MPH)
Top of the 5th over - 0 runs, 1 hit, 0 errors, 1 left on base; Vancouver 3 - Los Cayos 2
BOTTOM OF THE 5TH
Los Cayos Jellyfish batting - Pitching for Vancouver Mounties : LHP Brien Corcoran
Batting: LHB Ardell Cantu 0-0: Ball
1-0: Called Strike
1-1: Foul Ball, location: 2F
1-2: Ball
2-2: Foul Ball, location: 2F
2-2: Ball
3-2: Strikes out swinging
Batting: RHB Collin Franklin 0-0: Ball
1-0: Foul Ball, location: 2F
1-1: Called Strike
1-2: Ball
2-2: Ball
3-2: Base on Balls
Batting: RHB Clayton Stamps 0-0: Called Strike
0-1: Fly out, F4 (Popup, 4, EV 58.1 MPH)
Batting: RHB Calvin Schmidt 0-0: Foul Ball, location: 2F
0-1: Ball
1-1: Ball
2-1: Ball
3-1: Swinging Strike
3-2: Strikes out swinging
Bottom of the 5th over - 0 runs, 0 hits, 0 errors, 1 left on base; Vancouver 3 - Los Cayos 2
TOP OF THE 6TH
Vancouver Mounties batting - Pitching for Los Cayos Jellyfish : RHP Al Gauger
Batting: SHB Brock Hutchins 0-0: Called Strike
0-1: Ball
1-1: Ball
2-1: Ball
3-1: DOUBLE (Line Drive, 7LD, EV 105.6 MPH)
Batting: LHB Joey Carlson 0-0: Ball
1-0: Fly out, F8 (Flyball, 8RS, EV 90.0 MPH)
Batting: SHB Roy Lofgren 0-0: Ball
1-0: Called Strike
1-1: Ball
2-1: Ball
3-1: Base on Balls
Pitching: RHP Austin Stiller
Batting: RHB Brayan Wilford 0-0: Ball
1-0: Ball
Wild Pitch!
Brock Hutchins to third
Roy Lofgren to second
2-0: Fly out, F8 (Flyball, 8LD, EV 90.6 MPH)
Runner from 3rd tags up, SCORES, throw by CF
Roy Lofgren to third
Batting: RHB Darion Johnson 0-0: Swinging Strike
0-1: Called Strike
0-2: Ball
1-2: Foul Ball, location: 2F
1-2: Ball
2-2: Strikes out looking
Top of the 6th over - 1 run, 1 hit, 0 errors, 1 left on base; Vancouver 4 - Los Cayos 2
BOTTOM OF THE 6TH
Los Cayos Jellyfish batting - Pitching for Vancouver Mounties : LHP Brien Corcoran
Pitching: RHP John Banks
Batting: RHB Ed Gangemi 0-0: Called Strike
0-1: Fly out, F8 (Flyball, 8LD, EV 102.5 MPH)
Batting: RHB Andy Rowan 0-0: Ball
1-0: Foul Ball, location: 2F
1-1: Ball
2-1: Swinging Strike
2-2: Strikes out looking
Batting: LHB Troy Peek 0-0: Ball
1-0: Called Strike
1-1: Called Strike
1-2: Ball
2-2: Ball
3-2: Foul Ball, location: 2F
3-2: Ground out 5-3 (Groundball, 56, EV 84.4 MPH)
Bottom of the 6th over - 0 runs, 0 hits, 0 errors, 0 left on base; Vancouver 4 - Los Cayos 2
TOP OF THE 7TH
Vancouver Mounties batting - Pitching for Los Cayos Jellyfish : RHP Austin Stiller
Batting: LHB Otis Tenorio 0-0: Ball
1-0: Ball
2-0: Foul Ball, location: 2F
2-1: Foul Ball, location: 2F
2-2: Strikes out looking
Batting: RHB Nathan Vendel 0-0: Called Strike
0-1: Swinging Strike
0-2: Strikes out swinging
Batting: RHB Kyle Motyka 0-0: Swinging Strike
0-1: Swinging Strike
0-2: Foul Ball, location: 2F
0-2: Strikes out swinging
Top of the 7th over - 0 runs, 0 hits, 0 errors, 0 left on base; Vancouver 4 - Los Cayos 2
BOTTOM OF THE 7TH
Los Cayos Jellyfish batting - Pitching for Vancouver Mounties : RHP John Banks
Batting: LHB Solomon Panter 0-0: Ball
1-0: Called Strike
1-1: Called Strike
1-2: Ground out 5-3 (Groundball, 56, EV 86.2 MPH)
Batting: RHB Eli Fowler 0-0: Ball
1-0: Foul Ball, location: 2F
1-1: Swinging Strike
1-2: Foul Ball, location: 2F
1-2: Ball
2-2: Ball
3-2: Strikes out looking
Batting: LHB Ardell Cantu 0-0: Called Strike
0-1: Ball
1-1: Ball
2-1: DOUBLE (Flyball, 89XD, EV 105.6 MPH)
Batting: RHB Collin Franklin 0-0: Ball
1-0: Called Strike
1-1: Called Strike
1-2: Ball
2-2: Fly out, F7 (Flyball, 7, EV 91.2 MPH)
Bottom of the 7th over - 0 runs, 1 hit, 0 errors, 1 left on base; Vancouver 4 - Los Cayos 2
TOP OF THE 8TH
Vancouver Mounties batting - Pitching for Los Cayos Jellyfish : RHP Austin Stiller
Batting: LHB Jacob Mason 0-0: Ball
1-0: Called Strike
1-1: Ball
2-1: Called Strike
2-2: Ball
3-2: Strikes out looking
Batting: SHB Brock Hutchins 0-0: Ball
1-0: Foul Ball, location: 2F
1-1: Foul Ball, location: 2F
1-2: Strikes out swinging
Batting: LHB Joey Carlson 0-0: Swinging Strike
0-1: Foul Ball, location: 2F
0-2: Foul Ball, location: 2F
0-2: Ball
1-2: Ball
2-2: Foul Ball, location: 2F
2-2: Foul Ball, location: 2F
2-2: Strikes out swinging
Top of the 8th over - 0 runs, 0 hits, 0 errors, 0 left on base; Vancouver 4 - Los Cayos 2
BOTTOM OF THE 8TH
Los Cayos Jellyfish batting - Pitching for Vancouver Mounties : RHP John Banks
Batting: RHB Clayton Stamps 0-0: Ball
1-0: Swinging Strike
1-1: Ball
2-1: Ball
3-1: Fly out, F5 (Popup, 25F, EV 75.6 MPH)
Batting: RHB Calvin Schmidt 0-0: Called Strike
0-1: Ball
1-1: Ball
2-1: DOUBLE (Flyball, 89D, EV 101.9 MPH)
Pitching: RHP Tommy Martin
Batting: RHB Ed Gangemi 0-0: Ball
1-0: Foul Ball, location: 2F
1-1: Swinging Strike
1-2: Ball
2-2: Ball
3-2: Strikes out looking
Batting: RHB Andy Rowan 0-0: Called Strike
0-1: Swinging Strike
0-2: Ball
1-2: Strikes out looking
Bottom of the 8th over - 0 runs, 1 hit, 0 errors, 1 left on base; Vancouver 4 - Los Cayos 2
TOP OF THE 9TH
Vancouver Mounties batting - Pitching for Los Cayos Jellyfish : RHP Austin Stiller
Batting: SHB Roy Lofgren 0-0: DOUBLE (Line Drive, 78D, EV 115.0 MPH)
Batting: RHB Brayan Wilford 0-0: Called Strike
0-1: Ball
1-1: Hit by Pitch
Batting: RHB Darion Johnson 0-0: Ball
1-0: Called Strike
1-1: Called Strike
1-2: Ball
2-2: SINGLE (Groundball, 6MD, EV 95.6 MPH)
Roy Lofgren to third
Brayan Wilford to second
Batting: LHB Otis Tenorio 0-0: SINGLE (Groundball, 5, EV 101.9 MPH)
Roy Lofgren scores
Brayan Wilford to third
Darion Johnson to second
Batting: RHB Nathan Vendel 0-0: Called Strike
0-1: Fly out, F8 (Flyball, 8LD, EV 84.4 MPH)
Runner from 3rd tags up, SCORES, throw by CF
Batting: RHB Kyle Motyka 0-0: Called Strike
0-1: Ball
1-1: Ball
2-1: Foul Ball, location: 2F
2-2: Ball
3-2: Strikes out swinging
Batting: LHB Jacob Mason 0-0: Ball
1-0: Called Strike
1-1: Foul Ball, location: 2F
1-2: Foul Ball, location: 2F
1-2: Foul Ball, location: 2F
1-2: Ball
Wild Pitch!
Darion Johnson to third
Otis Tenorio to second
2-2: Ball
3-2: Base on Balls
Pitching: RHP Cory Fidler
Batting: SHB Brock Hutchins 0-0: Called Strike
0-1: Fly out, F8 (Flyball, 8LM, EV 89.4 MPH)
Top of the 9th over - 2 runs, 3 hits, 0 errors, 3 left on base; Vancouver 6 - Los Cayos 2
BOTTOM OF THE 9TH
Los Cayos Jellyfish batting - Pitching for Vancouver Mounties : RHP Tommy Martin
Batting: LHB Troy Peek 0-0: Called Strike
0-1: SINGLE (Flyball, 5D, EV 88.1 MPH)
Batting: LHB Solomon Panter 0-0: Ball
1-0: Called Strike
1-1: Grounds into double play, 6-4-3 (Groundball, 6, EV 99.4 MPH)
Batting: RHB Eli Fowler 0-0: Ball
1-0: Ball
2-0: Fly out, F8 (Line Drive, 8LM, EV 98.8 MPH)
Bottom of the 9th over - 0 runs, 1 hit, 0 errors, 0 left on base; Vancouver 6 - Los Cayos 2
Monday, April 29th , 2024 - OOTP Baseball 23.10 Build 110